 Dungeon Crawl Stone Soup version 0.31-a0-920-g28cbb04a8c (webtiles) character file.

Game seed: 2399359862789245608

215 ytrimaz the Insei (level 5, -7/33 HPs)
             Began as an Octopode Shapeshifter on Oct 17, 2023.
             Mangled by an ogre
             ... wielding a +0 giant club
              (20 damage)
             ... on level 4 of the Dungeon.
             The game lasted 00:02:56 (3050 turns).

ytrimaz the Insei (Octopode Shapeshifter)           Turns: 3050, Time: 00:02:57

Health: -7/33      AC:  5    Str: 13    XL:     5   Next: 92%
Magic:  23/23      EV: 15    Int: 12    God:
Gold:   104        SH:  0    Dex: 20    Spells: 4/4 levels left

rFire   . .          .
                       - Unarmed
rCold   + . .        (no shield)
rNeg    . . .        (helmet currently unavailable)
rPois   .            (no amulet)
rElec   .            d - ring of protection from cold
rCorr   .            f - +4 ring of protection
SInv    .            e - ring of magical power
Will    .....        h - +6 ring of dexterity
Stlth   ++           m - ring of magical power
HPRegen 0.25/turn    (no ring)
MPRegen 0.18/turn    (no ring)
                     (no ring)

%: no passive effects
@: confused, beast-form, ambrosia-drunk, attractive
A: beast (slay +1), almost no armour, amphibious, 8 rings, camouflage 1,
gelatinous body 1, (nimble swimmer 1), tentacles
a: Begin Untransformation


You were on level 4 of the Dungeon.
You were a hulking beast.
You visited 1 branch of the dungeon, and saw 4 of its levels.

You collected 192 gold pieces.
You spent 88 gold pieces at shops.


Innate Abilities, Weirdness & Mutations

You are a hulking beast.
Your limbs bulge with bestial killing power. (Slay +1)
You cannot wear most types of armour.
You are amphibious.
You can wear up to eight rings at the same time.
Your skin changes colour to match your surroundings (Stealth+).
Your rubbery body absorbs attacks. (AC +1, EV +1)
((You are camouflaged when in or above water. (Stealth+)))
You have tentacles for arms and can constrict up to eight enemies at once.


   Skills:
 - Level 1.0 Fighting
 + Level 3.8 Dodging
 + Level 4.2 Stealth
 + Level 4.4 Unarmed Combat
 - Level 3.0 Shapeshifting


You had 4 spell levels left.
You didn't know any spells.
Your spell library contained the following spells:

 Spells                   Type           Power      Damage    Failure   Level
 Dazzling Flash           Conj/Hex       0%         N/A       69%         3
 Volatile Blastmotes      Fire/Tloc      0%         2d10      69%         3
 Starburst                Conj/Fire      0%         6d3       100%        6
 Maxwell's Capacitive Co  Air            0%         ∞         100%        8

Inventory:

Jewellery
 d - a ring of protection from cold (left tentacle)
   (You found it on level 1 of the Dungeon)
 e - a ring of magical power (on tentacle)
   (You found it on level 1 of the Dungeon)
 f - a +4 ring of protection (right tentacle)
   (You found it on level 1 of the Dungeon)
 h - a +6 ring of dexterity (on tentacle)
   (You found it on level 2 of the Dungeon)
 m - a ring of magical power (on tentacle)
   (You found it on level 2 of the Dungeon)
Talismans
 b - a beast talisman (active)
 c - a flux talisman
 t - a maw talisman
   (You found it on level 3 of the Dungeon)
Scrolls
 g - a scroll of poison {unknown}
 j - a scroll of amnesia {unknown}
 o - a scroll of teleportation {unknown}
 s - a scroll of enchant weapon {unknown}
 u - a scroll of fear {unknown}
 v - a scroll of identify {unknown}
Potions
 l - a potion of mutation
 p - a potion of curing {unknown}
 q - a potion of might {unknown}
 r - a potion of heal wounds {unknown}
 w - 2 potions of berserk rage {unknown}

Dungeon Overview and Level Annotations

Branches:
Dungeon (4/15) Zot: 20962
 Temple: D:4-7

Altars:
Fedhas
Kikubaaqudgha
Trog
The Shining One

Shops:
D:2

! #.# .# #....## #.# #.#
#....## ###.###.###....#
#....#.........#
#......###.....#
#...##.# #.....#
#...##.###.....#
.####+##...##.........##
.......h....#####.#'#..#
......O.....# #.#...##
.......g....# #.#.....
.......g....# #.###.##
............# #.# .#
......g.....# #.# .#
....#.####### #.# #
#####g


You could see an ogre, a gnoll bouda and 3 gnolls.


Message History

You kill the ball python!
The jackal bites you but does no damage. x2
You cannot move.
You cannot move.
You hit the jackal but do no damage.
The jackal bites you but does no damage. x2 😮 HP[+1]
You smack the jackal!
You kill the jackal!
The jackal bites you but does no damage. x2
You cannot move.
You miss the jackal.
The jackal bites you but does no damage.
You barely miss the jackal.
The jackal bites you but does no damage.
Unknown command.
You hit the jackal.
The jackal bites you but does no damage. x2 😮 HP[+1]
You hit the jackal.
You kill the jackal!
Unknown command.
You cannot move.
Unknown command.
Your transformation is almost over.
Key pressed, stopping explore.
You feel less wooden.
You turn into a hulking beast. 😮 HP[-4]
You now have 33 max hp (-16).
Key pressed, stopping explore.
Unknown command. 😕 HP[+6]
You regained 6 hp, and now have 30/33 hp.
You see here a ball python corpse.
You now have 104 gold pieces (gained 12).
You open the door.
Key pressed, stopping explore.
You open the door.
There is an open door here.
You open the door. You open the door.
Key pressed, stopping explore.
You open the door.
There is an open door here.
You pick up a book of Spectacle and begin reading...
You add the spells Volatile Blastmotes, Dazzling Flash, Starburst and Maxwell's Capacitive Coupling to your library. 😎 HP[+3]
Your hp is fully restored (33).
There is an open door here.
An ogre comes into view. It is wielding a +0 giant club.
A gnoll comes into view. It is wielding a +0 spear.
The ogre hits you with a +0 giant club!!
Ouch! That really hurt!
* * * LOW HITPOINT WARNING * * *
😨 HP[-22]
You take 22 damage, and now have 11/33 hp.
MASSIVE DAMAGE!! (PAUSE)
Your transformation has ended.
You turn into a tree.
Your roots penetrate the ground. 😨 HP[+6]
You now have 49 max hp (+16).
You regained 6 hp, and now have 17/49 hp.
Unknown command.
You hit the ogre.
The gnoll shouts!
The ogre hits you with a +0 giant club!
* * * LOW HITPOINT WARNING * * *
A gnoll comes into view. It is wielding a +0 whip. 😱 HP[-11]
You take 11 damage, and now have 6/49 hp.
MASSIVE DAMAGE!! (PAUSE)
The gnoll shouts!
You hit the ogre.
You hear a shout!
The ogre hits you but does no damage.
You barely miss the ogre.
Unknown command.
Okay, then.
It was a potion of cancellation.
Your magical effects are unravelling.
You feel magically purged.
You feel less wooden.
You turn into a hulking beast.
A gnoll bouda comes into view. It is wielding a +0 whip.
The ogre barely misses you. 😱 HP[-2]
You now have 33 max hp (-16).
It was a potion of ambrosia.
You are confused.
You feel invigorated. 😱 HP[+4]
You regained 4 hp, and now have 8/33 hp.
You are too confused!
It was a potion of attraction.
You feel attractive to monsters.
A gnoll comes into view. It is wielding a +0 flail.
The ogre hits you with a +0 giant club!!
Ouch! That really hurt!
You die...

Skill      XL: |  1  2  3  4  5 |
---------------+----------------+-----
Stealth        | 1 2 3 4 |  4.2
Dodging        | 3 |  3.8
Unarmed Combat | 4 |  4.4
Fighting       | |  1.0
Shapeshifting  | |  3.0

Action                     |  1- 3 |  4- 6 || total
---------------------------+-------+-------++-------
  Melee: Unarmed           |    77 |    67 ||   144
         Constrict         |    23 |    15 ||    38
         Tentacles         |    12 |    12 ||    24
         Punch             |     1 |     3 ||     4
    Use: Potion            |       |     5 ||     5
   Stab: Sleeping          |     7 |     5 ||    12
         Distracted        |       |     1 ||     1
 Armour: Skin              |    29 |    90 ||   119
  Dodge: Dodged            |    53 |    34 ||    87

Levels and vault maps discovered:
D:1:      doesnt_arrival_eight_statues, layout_rooms, serial_co_window_serial,
          co_window_of_opportunity_a, co_window_of_opportunity_a,
          co_window_corner_a, co_window_paths_a, co_window_of_opportunity_a,
          co_window_paths_a, co_window_of_opportunity_b, co_window_cross_3,
          co_window_of_opportunity_b, co_window_unsneaky_path_a,
          co_window_corner_ca, co_window_4corner_a, glass_columns_a,
          basic_ecumenical_altar, nrook_uturn, minmay_bisected
D:2:      layout_basic, serial_shops, shop, minmay_misc_feat_iff, st_stairs_5,
          hangedman_decor_diamond_cutter, minmay_door_square
D:3:      layout_loops_cross, nicolae_overflow_hidden_temple,
          lemuel_crystal_altar, jmf_multi_god_temple2, uniq_terence
D:4:      layout_basic, uniq_ijyb

Notes
Turn   | Place    | Note
-------+----------+-------------------------------------------
     0 | D:1      | ytrimaz the Octopode Shapeshifter began the quest for the
                  | Orb.
     0 | D:1      | Reached XP level 1. HP: 13/13 MP: 1/1
     0 | D:1      | magus.rc [v1.9.6]
     6 | D:1      | Found a faded altar of an unknown god.
    60 | D:1      | Reached skill level 1 in Stealth
    89 | D:1      | Reached XP level 2. HP: 17/18 MP: 2/2
   647 | D:1      | Reached XP level 3. HP: 23/23 MP: 3/3
   945 | D:1      | Reached skill level 2 in Stealth
  1396 | D:2      | Found Liur's Distillery.
  1401 | D:2      | Bought a potion of mutation for 88 gold pieces
  1872 | D:3      | Found a large runed translucent door.
  1872 | D:3      | Found a large runed translucent door.
  1945 | D:3      | Reached XP level 4. HP: 21/28 MP: 4/4
  2030 | D:3      | Reached skill level 3 in Dodging
  2032 | D:3      | Found an ancient bone altar of Kikubaaqudgha.
  2220 | D:3      | Found a bloodstained altar of Trog.
  2485 | D:3      | Noticed Terence
  2494 | D:3      | Killed Terence
  2495 | D:3      | Reached skill level 3 in Stealth
  2646 | D:3      | Found a glowing golden altar of the Shining One.
  2658 | D:3      | Found a blossoming altar of Fedhas.
  2665 | D:3      | Reached skill level 4 in Unarmed Combat
  2665 | D:3      | Reached XP level 5. HP: 33/33 MP: 5/5
  2895 | D:4      | Reached skill level 4 in Stealth
  3026 | D:4      | You pick up a book of Spectacle and begin reading...
  3026 | D:4      | You add the spells Volatile Blastmotes, Dazzling Flash,
                  | Starburst and Maxwell's Capacitive Coupling to your
                  | library.
  3040 | D:4      | Noticed an ogre
  3045 | D:4      | HP: 6/49 [ogre/+0 giant club (12)]
  3050 | D:4      | Mangled by an ogre

Vanquished Creatures
  A scorpion (D:4)
  A gnoll bouda (D:3)
  Terence (D:3)
  2 adders
  A worm (D:3)
  A dart slug (D:3)
  3 orcs
  5 bats
  10 endoplasms
  A giant cockroach (D:3)
  7 goblins
  4 hobgoblins
  9 jackals
  3 quokkas
  4 ball pythons
  2 frilled lizards
  7 kobolds
  5 rats
67 creatures vanquished.

Table legend:
 A = Non-vault XP
 B = Vault XP
 C = Vault XP percentage of total XP
 D = Non-vault monster count
 E = Vault monster count
 F = Vault count percentage of total count
                 A         B        C        D         E       F
            +---------+---------+-------+---------+---------+-------
      Total |     211 |      97 |  31.5 |      58 |       9 |  13.4
            +---------+---------+-------+---------+---------+-------
        D:1 |      38 |       3 |   7.3 |      21 |       3 |  12.5
        D:2 |      17 |      16 |  48.5 |      10 |       3 |  23.1
        D:3 |      34 |      78 |  69.6 |      15 |       3 |  16.7
        D:4 |     122 |       0 |   0.0 |      12 |       0 |   0.0
            +---------+---------+-------+---------+---------+-------

Skill      XL: |  1  2  3  4  5 |
---------------+----------------+-----
Stealth        | 1 2 3 4 |  4.2
Dodging        | 3 |  3.8
Unarmed Combat | 4 |  4.4
Fighting       | |  1.0
Shapeshifting  | |  3.0

Action                     |  1- 3 |  4- 6 || total
---------------------------+-------+-------++-------
  Melee: Unarmed           |    77 |    67 ||   144
         Constrict         |    23 |    15 ||    38
         Tentacles         |    12 |    12 ||    24
         Punch             |     1 |     3 ||     4
    Use: Potion            |       |     5 ||     5
   Stab: Sleeping          |     7 |     5 ||    12
         Distracted        |       |     1 ||     1
 Armour: Skin              |    29 |    90 ||   119
  Dodge: Dodged            |    53 |    34 ||    87

Illustrated notes

Table legend:
 A = Kills in this place as a percentage of kills in the entire game.
 B = Kills by you in this place as a percentage of kills by you in the entire game.
 C = Kills by friends in this place as a percentage of kills by friends in the entire game.
 D = Other kills in this place as a percentage of other kills in the entire game.
 E = Experience gained in this place as a percentage of experience gained in the entire game.
 F = Experience gained in this place divided by the number of levels of this place that you have seen.
                   A       B       C       D       E      F
               +-------+-------+-------+-------+-------+----------------------
         Total | 100.0 | 100.0 |   N/A |   N/A | 100.0 |  77.0
       Dungeon | 100.0 | 100.0 |   N/A |   N/A | 100.0 |  77.0
               +-------+-------+-------+-------+-------+----------------------

Table legend: (Time is in decaauts)
 A = Elapsed time spent in this place.
 B = Non-inter-level travel time spent in this place.
 C = Inter-level travel time spent in this place.
 D = Time resting spent in this place.
 E = Time spent auto-exploring this place.
 F = Levels seen in this place.
 G = Mean time per level.
                   A        B        C        D        E       F      G
               +--------+--------+--------+--------+--------+-----+--------+
         Total |   3036 |   2905 |    131 |      0 |   2395 |   4 |  759.0 |
       Dungeon |   3036 |   2905 |    131 |      0 |   2395 |   4 |  759.0 |
               +--------+--------+--------+--------+--------+-----+--------+

Top non-repeatable levels by time:
     D:1: 1077 daAuts
     D:3: 828 daAuts
     D:2: 787 daAuts
     D:4: 343 daAuts
